 Dungeon Crawl Stone Soup version 0.21-a0-1-gaf3b9a5 (webtiles) character file.

94 Gorglomux the Skirmisher (level 4, -4/48 HPs)
             Began as an Ogre Skald on May 20, 2017.
             Slain by Robin
             ... wielding a +2 mace of holy wrath
              (6 damage)
             ... on level 2 of the Dungeon.
             The game lasted 00:02:52 (2210 turns).

Gorglomux the Skirmisher (Ogre Skald)               Turns: 2210, Time: 00:02:53

Health: -4/48      AC:  3    Str: 15    XL:     4   Next: 63%
Magic:  3/7        EV: 10    Int: 14    God:
Gold:   45         SH:  0    Dex:  9    Spells: 3/7 levels left

rFire    . . .     SeeInvis .   a - +0 mace
rCold    . . .     Gourm    .   (no shield)
rNeg     . . .     Faith    .   b - +0 robe
rPois    .         Spirit   .   (helmet restricted)
rElec    .         Reflect  .   (no cloak)
rCorr    .         Harm     .   (gloves unavailable)
MR       .....                  (boots unavailable)
Stlth    +.........             (no amulet)
Regen    0.2/turn               (no ring)
MPRegen  0.1/turn               (no ring)

@: no status effects
A: unfitting armour, tough skin 1
a: no special abilities


You were on level 2 of the Dungeon.
You were hungry.

You visited 1 branch of the dungeon, and saw 2 of its levels.

You collected 45 gold pieces.

Inventory:

Hand Weapons
 a - a +0 mace (weapon)
Armour
 b - a +0 robe (worn)
Jewellery
 e - an uncursed ring of fire {unknown}
   (You took it off a goblin on level 1 of the Dungeon)
Scrolls
 i - 2 scrolls of identify {unknown}
 j - a scroll of enchant weapon {unknown}
Potions
 f - a potion of agility {unknown}
 h - a potion of resistance {unknown}
 k - a potion of curing {unknown}
 l - a potion of might {unknown}
Books
 c - a book of Battle
Comestibles
 d - a bread ration {@e1}
 g - 2 fruits


   Skills:
 + Level 4.2 Fighting
 * Level 3.6 Maces & Flails
 - Level 2.1 Dodging
 - Level 2.4 Spellcasting
 - Level 2.6 Charms


You had 3 spell levels left.
You knew the following spells:

 Your Spells              Type           Power        Failure   Level  Hunger
a - Infusion              Chrm           #...         8%          1    #......
r - Regeneration          Chrm/Necr      #.........   36%         3    ###....


Dungeon Overview and Level Annotations

Branches:
Dungeon (2/15)

Altars:
Xom

Annotations:
D:2 Robin


Innate Abilities, Weirdness & Mutations

You are too large for most types of armour.
You have tough skin. (AC +1)


Message History

The goblin hits you but does no damage.
You hit the goblin. The goblin barely misses you.
Unknown command.
Unknown command.
You hit the goblin.
You kill the goblin!
Unknown command.
You closely miss the goblin.
Your skin stops crawling.
The goblin hits you but does no damage.
Unknown command.
You barely miss the goblin. The goblin completely misses you.
Unknown command.
You thump the goblin!
You kill the goblin!
You hit the hobgoblin. The hobgoblin closely misses you.
The hobgoblin barely misses you.
Unknown command.
You hit the hobgoblin but do no damage.
Robin roars a battlecry!
The goblins go into a battle-frenzy!
The hobgoblin misses you.
Unknown command.
You closely miss the hobgoblin. The hobgoblin hits you.
You hit the hobgoblin.
You kill the hobgoblin!
Robin throws the goblin at you! The goblin hits you with a dagger.
Unknown command.
You hit Robin. The goblin closely misses you.
Robin hits you with a mace of holy wrath.
Unknown command.
You closely miss Robin. The goblin hits you with a dagger.
Robin hits you with a mace of holy wrath.
The goblin hits you but does no damage.
Unknown command.
You hit Robin.
Robin hits you with a mace of holy wrath.
The goblin completely misses you.
Unknown command.
You barely miss Robin. The goblin barely misses you.
Robin hits you but does no damage.
Unknown command.
You thump Robin! The goblin hits you with a dagger.
Robin hits you with a mace of holy wrath!
Unknown command.
You are too injured to fight recklessly!
Unknown command.
You are too injured to fight recklessly!
Unknown command.
You are too injured to fight recklessly!
You barely miss Robin. The goblin hits you with a dagger.
Robin hits you with a mace of holy wrath.
The goblin hits you with a dagger.
You closely miss Robin. Robin barely misses you.
The goblin hits you with a dagger.
* * * LOW HITPOINT WARNING * * *
All of the chunks of flesh in your inventory have rotted away.
You closely miss Robin. The goblin hits you but does no damage.
Robin hits you with a mace of holy wrath!
* * * LOW HITPOINT WARNING * * *
Unknown command.
Robin throws the goblin at you!
You hit the goblin.
You kill the goblin!
Robin flexes a bicep menacingly.
You see here a dagger.
A goblin comes into view. It is wielding a club.
The goblin shouts!
Robin says, "Bow before me, strongest of all the hobgoblins!"
Robin throws the goblin at you!
* * * LOW HITPOINT WARNING * * *
The goblin closely misses you. The goblin hits you but does no damage.
Unknown command.
Robin roars a battlecry!
The goblin goes into a battle-frenzy!
Your magical contamination has completely faded away.
The goblin completely misses you.
There is a stone staircase leading up, spattered with blood here.
Your skin crawls.
You are feeling hungry.
Your skin is crawling a little less now.
The goblin hits you but does no damage.
You see here a dagger.
Robin throws the goblin at you!
You sock the goblin!
You kill the goblin!
Things that are here:
a club; a goblin corpse You hit Robin.
Your skin stops crawling.
Robin completely misses you.
You barely miss Robin. Robin hits you but does no damage.
You hit Robin but do no damage. Robin hits you but does no damage.
You closely miss Robin.
Robin hits you with a mace of holy wrath!
* * * LOW HITPOINT WARNING * * *
You hit Robin but do no damage.
Robin hits you with a mace of holy wrath.
You die...

######## ##......#.. ##g#........
##g##..####.# ####.###g.# .# #..#
.# #.)<## #..# ....##..##.#
#.##.####.##.....##......
#.###)##@....._..........
#g####.#g.##..... #......
#...###)..# .... #...... ###.#
##..# #.## #......
#.####..####.####......
#)##..(...gg...........
###########.##.#.#####.###.#.##.#
............g............#.#.##)#
.........................#.#.##.g


You could see Robin.

Vanquished Creatures
  A gnoll (D:1)
  An adder (D:2)
  An ooze (D:1)
  A worm (D:2)
  A dart slug (D:1)
  A leopard gecko (D:1)
  4 giant cockroaches
  15 goblins
  6 hobgoblins
  7 jackals
  A quokka (D:2)
  7 bats
  4 frilled lizards
  5 kobolds (D:1)
  4 rats (D:1)
59 creatures vanquished.

Notes
Turn   | Place    | Note
-------+----------+-------------------------------------------
     0 | D:1      | Gorglomux the Ogre Skald began the quest for the Orb.
     0 | D:1      | Reached XP level 1. HP: 22/22 MP: 3/3
    26 | D:1      | Reached skill level 2 in Maces & Flails
   236 | D:1      | Reached XP level 2. HP: 10/29 MP: 0/5
   551 | D:1      | Reached skill level 3 in Fighting
   737 | D:1      | Reached XP level 3. HP: 23/37 MP: 2/6
  1123 | D:1      | Reached skill level 3 in Maces & Flails
  1129 | D:1      | Learned a level 3 spell: Regeneration
  1287 | D:2      | Reached skill level 4 in Fighting
  1287 | D:2      | Reached XP level 4. HP: 47/48 MP: 3/7
  1390 | D:2      | HP: 9/48 [worm (5)]
  1391 | D:2      | HP: 4/48 [worm (5)]
  1906 | D:2      | Noticed Robin
  1929 | D:2      | HP: 11/48 [goblin/dagger[Robin] (2)]
  1937 | D:2      | Found a shimmering altar of Xom.
  2179 | D:2      | HP: 11/48 [goblin/dagger[Robin] (4)]
  2180 | D:2      | HP: 3/48 [Robin/mace of holy wrath (8)]
  2188 | D:2      | HP: 1/48 [Robin/goblin (3)]
  2209 | D:2      | HP: 2/48 [Robin/mace of holy wrath (10)]
  2210 | D:2      | Slain by Robin

Vault maps used:
D:1:      ncdulo_smallfort, nrook_mini_backslash
D:2:      nicolae_overflow_crystal_walls, kennysheep_boxes, uniq_sigmund,
          uniq_robin

Skill      XL: |  1  2  3 |
---------------+----------+-----
Maces & Flails | 2 3 |  3.6
Fighting       | 3 4 |  4.2
Dodging        | |  2.1
Spellcasting   | |  2.4
Charms         | |  2.6

Action                   |  1- 3 |  4- 6 || total
-------------------------+-------+-------++-------
Melee: Mace              |   107 |    88 ||   195
 Cast: Infusion          |    20 |     3 ||    23
       Regeneration      |       |     4 ||     4
  Eat: Chunk             |     1 |     4 ||     5
Armor: Robe              |    51 |    24 ||    75
Dodge: Dodged            |    95 |    62 ||   157

Vault maps used:
D:1:      ncdulo_smallfort, nrook_mini_backslash
D:2:      nicolae_overflow_crystal_walls, kennysheep_boxes, uniq_sigmund,
          uniq_robin

Table legend:
 A = Turns spent in this place as a percentage of turns spent in the entire game.
 B = Non-inter-level travel turns spent in this place as a percentage of non-inter-level travel turns spent in the entire game.
 C = Inter-level travel turns spent in this place as a percentage of turns spent in this place.
 D = Turns resting spent in this place as a percentage of non-inter-level travel turns spent in this place.
 E = Turns spent auto-exploring this place as a percentage of non-inter-level travel turns spent in this place.
 F = Non-inter-level travel turns spent in this place divided by the number of levels of this place that you've seen.
                   A       B       C       D       E      F
               +-------+-------+-------+-------+-------+----------------------
         Total | 100.0 | 100.0 |   0.3 |   3.5 |   5.9 | 396.0
       Dungeon | 100.0 | 100.0 |   0.3 |   3.5 |   5.9 | 396.0
               +-------+-------+-------+-------+-------+----------------------

Table legend:
 A = Kills in this place as a percentage of kills in entire the game.
 B = Kills by you in this place as a percentage of kills by you in the entire game.
 C = Kills by friends in this place as a percentage of kills by friends in the entire game.
 D = Other kills in this place as a percentage of other kills in the entire game.
 E = Experience gained in this place as a percentage of experience gained in the entire game.
 F = Experience gained in this place divided by the number of levels of this place that you have seen.
                   A       B       C       D       E      F
               +-------+-------+-------+-------+-------+----------------------
         Total | 100.0 | 100.0 |  -nan |  -nan | 100.0 |  67.5
       Dungeon | 100.0 | 100.0 |  -nan |  -nan | 100.0 |  67.5
               +-------+-------+-------+-------+-------+----------------------
